[Event "Team 45 45 League T38"]
[Site "Internet Chess Club"]
[Date "2008.07.26"]
[Round "1"]
[White "blackcatdillac"]
[Black "hewdondada"]
[Result "0-1"]
[WhiteElo "1799"]
[BlackElo "1863"]
[Opening "Levitsky attack (Queen's bishop attack)"]
[ECO "D00"]
[Time "14:15:33"]
[TimeControl "2700+45"]

1. d4 d5 2. Bg5 f6 3. Bh4 Nh6 4. e3 Nf5 5. Bg3 h5 6. h3 Nxg3 7. fxg3 Qd6 8. Ne2
Nc6 9. c3 e5 10. Nd2 Bf5 11. Qb3 Bd3 12. Ng1 Bxf1 13. Nxf1 exd4 14. cxd4 Qb4+
15. Qxb4 Bxb4+ 16. Kf2 O-O-O 17. Nf3 Rde8 18. a3 Bd6 19. N1d2 Ne7 20. e4 c6 21.
Rhe1 dxe4 22. Rxe4 Nf5 23. Rxe8+ Rxe8 24. Nf1 Re4 25. Re1 Rxe1 26. Kxe1 Nxg3 27.
Nxg3 Bxg3+ 28. Ke2 Kd7 29. Nd2 f5 30. Kf3 Bc7 31. Nf1 Ke6 32. Ne3 b5 33. b3 g6
34. h4 f4 35. Nc2 a5 36. Ke4 Bd8 37. Kxf4 Bxh4 38. Ke4 Bg3 39. Kf3 Bd6 40. a4
Kd5 41. Ke3 Bg3 42. Kf3 Bh4 {White resigns} 0-1

[Event "Team 45 45 League T38"]
[Site "Internet Chess Club"]
[Date "2008.07.23"]
[Round "1"]
[White "mugurelt"]
[Black "Rlopez"]
[Result "0-1"]
[WhiteElo "1715"]
[BlackElo "1659"]
[Opening "King's Indian: fianchetto with ...Nd7"]
[ECO "E67"]
[Time "23:00:21"]
[TimeControl "2700+45"]

1. g3 Nf6 2. Bg2 g6 3. d4 Bg7 4. Nf3 d6 5. c4 O-O 6. Nc3 Nbd7 7. O-O Re8 8. e4
e5 9. d5 a5 10. a3 Nc5 11. Bg5 h6 12. Bxf6 Bxf6 13. b4 axb4 14. axb4 Rxa1 15.
Qxa1 Nd7 16. Qc1 Bg7 17. h3 Nf6 18. Nh4 Bd7 19. Qe3 Qc8 20. Kh2 Qa8 21. f4 exf4
22. gxf4 Qa3 23. e5 dxe5 24. fxe5 Nh7 25. Qf3 Bxe5+ 26. Kh1 Ng5 27. Nb5 Qxf3 28.
Nxf3 Nxf3 29. Rxf3 Bxb5 30. cxb5 Bd6 31. Kg1 Re1+ 32. Bf1 Rb1 33. b6 Kg7 34.
bxc7 Bxc7 35. Rd3 Bd6 36. b5 Rxb5 37. Kg2 Rb2+ 38. Kf3 Kf6 39. Ke4 Rb4+ 40. Kf3
Ke5 41. Bg2 h5 42. Rd2 Rb3+ 43. Ke2 Ra3 44. Rb2 Ra7 45. Kd3 g5 46. Bf3 h4 47.
Re2+ Kf4 48. Bg4 Ra3+ 49. Kc4 Kg3 50. Rb2 Ra4+ 51. Kd3 Rxg4 52. hxg4 h3 53. Ke4
h2 54. Rb3+ Kxg4 55. Rb1 f5+ 56. Kd3 Kf3 {White resigns} 0-1

[Event "Team 45 45 League T38"]
[Site "Internet Chess Club"]
[Date "2008.07.28"]
[Round "1"]
[White "AVEMARIA"]
[Black "RD1974"]
[Result "1-0"]
[WhiteElo "1738"]
[BlackElo "1603"]
[Opening "Scandinavian: Pytel-Wade variation"]
[ECO "B01"]
[Time "18:00:22"]
[TimeControl "2700+45"]

1. e4 d5 2. exd5 Qxd5 3. Nc3 Qd6 4. d4 Nf6 5. Nf3 a6 6. g3 Bg4 7. Bg2 Nc6 8. d5
Ne5 9. Bf4 Nxf3+ 10. Bxf3 Bxf3 11. Qxf3 e5 12. dxe6 Qxe6+ 13. Be3 O-O-O 14. O-O
Nd5 15. Rfe1 Nxe3 16. Rxe3 Qg6 17. Nd5 Kb8 18. Rb3 Qc6 19. c4 Bc5 20. Qg4 g6 21.
Nb4 Qf6 22. Rf1 Rd2 23. Nd3 Qd4 24. Qf3 b6 25. Nxc5 Qxc5 26. Rd3 Rxb2 27. Qf6
Qxc4 28. Qxh8+ Kb7 29. Qxb2 Qxd3 30. Rc1 h5 31. Qe5 Qd7 32. a4 h4 33. Qe4+ c6
34. Qxh4 b5 35. Qb4 f5 36. Re1 Kc8 37. Qf8+ {Black resigns} 1-0

[Event "Team 45 45 League T38"]
[Site "Internet Chess Club"]
[Date "2008.07.24"]
[Round "1"]
[White "DFME"]
[Black "xakelari"]
[Result "0-1"]
[WhiteElo "1678"]
[BlackElo "2061"]
[Opening "Ruy Lopez: closed, Breyer, Borisenko variation"]
[ECO "C95"]
[Time "15:45:05"]
[TimeControl "2700+45"]

1. e4 e5 2. Nf3 Nc6 3. Bb5 a6 4. Ba4 Nf6 5. O-O b5 6. Bb3 Be7 7. Re1 d6 8. c3
O-O 9. h3 Nb8 10. d4 Nbd7 11. dxe5 Nxe5 12. Nxe5 dxe5 13. Bg5 Bb7 14. Nd2 c5 15.
Bc2 Qc7 16. Qe2 c4 17. a3 Rfe8 18. Rad1 Rad8 19. f3 Nh5 20. Bxe7 Nf4 21. Qe3
Rxe7 22. Nf1 Red7 23. Qc1 Qc5+ 24. Qe3 Qxe3+ 25. Nxe3 Nd3 26. Bxd3 Rxd3 27. Kf2
f6 28. Rxd3 Rxd3 29. Rd1 Rxd1 30. Nxd1 Kf7 31. Ke3 Ke6 32. g4 g6 33. h4 h6 34.
Nf2 Kd6 35. Nh3 Bc8 36. Ng1 Kc5 37. Ne2 a5 38. Kd2 Bd7 39. Nc1 Be6 40. Na2 f5
41. gxf5 gxf5 42. Ke3 f4+ 43. Kd2 Kd6 44. Ke2 Ke7 45. Kf2 Kf6 46. Kg2 Kg6 47.
Nc1 Kh5 48. Ne2 Kxh4 49. Ng1 Kg5 50. Ne2 Kf6 51. Kh2 Ke7 52. Nc1 Kd6 53. Na2 Kc5
54. Kg2 h5 55. Kh2 h4 56. Kg2 Bf7 57. Nc1 Bh5 58. Ne2 h3+ {White resigns} 0-1

[Event "Team 45 45 League T38"]
[Site "Internet Chess Club"]
[Date "2008.07.27"]
[Round "1"]
[White "IceBox"]
[Black "pishd"]
[Result "0-1"]
[WhiteElo "1691"]
[BlackElo "1838"]
[Opening "English: Anglo-Dutch defense"]
[ECO "A10"]
[Time "09:05:26"]
[TimeControl "2700+45"]

1. c4 f5 2. Nc3 Nf6 3. g3 e5 4. Bg2 Be7 5. Nf3 d6 6. d3 c6 7. O-O Na6 8. a3 Nc7
9. b4 a6 10. Be3 O-O 11. Na4 Qe8 12. Nb6 Rb8 13. Nxc8 Rxc8 14. Nh4 Ng4 15. Nf3
Qh5 16. h3 Nxe3 17. fxe3 Bg5 18. Nxg5 Qxg5 19. Qd2 Qxg3 20. Rf3 Qg5 21. Raf1 g6
22. Kh2 Rf7 23. Qe1 Rcf8 24. Rg3 Qh6 25. a4 f4 26. exf4 Rxf4 27. Rxf4 Qxf4 28.
b5 axb5 29. axb5 cxb5 30. cxb5 Nxb5 31. Bxb7 Qf2+ 32. Qxf2 Rxf2+ 33. Rg2 Rxg2+
34. Kxg2 Kf7 35. Bd5+ Kf6 36. e3 Nc7 37. Bc6 Kg5 38. Kg3 Ne6 39. h4+ Kf6 40. Kg4
Ng7 41. e4 Ne6 42. h5 g5 43. Bd5 Nd4 44. Bb7 Nc2 45. Ba6 Ne3+ 46. Kf3 Nc2 47.
Kg4 Nd4 48. Bb7 h6 49. Kg3 Ke7 50. Kf2 Ne6 51. Ke3 Nf4 52. Bc8 Nxh5 53. d4 Kf6
54. Bg4 Ng7 55. d5 h5 56. Be2 g4 57. Kf2 Kg5 58. Kg3 h4+ 59. Kh2 Kf4 60. Kg2 Nh5
61. Bd3 Nf6 {White resigns} 0-1

[Event "Team 45 45 League T38"]
[Site "Internet Chess Club"]
[Date "2008.07.29"]
[Round "1"]
[White "Bill-W"]
[Black "chipionero"]
[Result "0-1"]
[WhiteElo "1678"]
[BlackElo "1720"]
[Opening "Sicilian: closed"]
[ECO "B23"]
[Time "14:32:41"]
[TimeControl "2700+45"]

1. e4 c5 2. Nc3 d6 3. f4 Nc6 4. Nf3 e6 5. Bb5 Bd7 6. Bxc6 Bxc6 7. O-O Nf6 8. d3
Be7 9. Qe1 a6 10. a4 b6 11. Qg3 Qc7 12. Qxg7 Rg8 13. Qh6 Rg6 14. Qh3 O-O-O 15.
f5 exf5 16. exf5 Rg4 17. Nh4 Rdg8 18. Rf2 d5 19. Ne2 Bd6 20. Nf3 d4 21. Ne1 h5
22. Kh1 h4 23. Bd2 Nd5 24. Nf3 Ne3 25. Rg1 f6 26. Bxe3 dxe3 27. Rff1 Qg7 28. Ne1
Bxh2 29. Kxh2 Rg3 30. Qxh4 Rg4 31. g3 Rh8 32. Rf4 Rhxh4+ 33. gxh4 Rxg1 34. Nxg1
Qh6 35. Kg3 Qh5 36. Ngf3 Kd8 37. d4 cxd4 38. Rxd4+ Ke7 39. Kf4 Qh6+ 40. Kg3 Bd7
41. Re4+ Kf7 42. Rf4 Qh5 43. Nd4 Qd1 44. Re4 Qxe1+ {White resigns} 0-1

[Event "Team 45 45 League T38"]
[Site "Internet Chess Club"]
[Date "2008.07.26"]
[Round "1"]
[White "sacredpawn"]
[Black "natethegreat"]
[Result "1-0"]
[WhiteElo "1929"]
[BlackElo "1759"]
[Opening "Sicilian: Canal-Sokolsky attack, 3...Bd7"]
[ECO "B52"]
[Time "13:04:52"]
[TimeControl "2700+45"]

1. e4 c5 2. Nf3 d6 3. Bb5+ Bd7 4. Bxd7+ Qxd7 5. O-O Nc6 6. c3 Nf6 7. Re1 g6 8.
Na3 Bg7 9. d3 O-O 10. h3 h5 11. Be3 b6 12. Qd2 Kh7 13. Ng5+ Kg8 14. Nf3 Kh7 15.
Ng5+ Kg8 16. f4 Rac8 17. Rf1 a6 18. Nc4 b5 19. Nb6 Qb7 20. Nxc8 Rxc8 21. f5 Ne5
22. Bf4 Qd7 23. Bxe5 dxe5 24. fxg6 fxg6 25. Qe2 Rf8 26. Nf3 Qd6 27. d4 cxd4 28.
cxd4 Qb6 29. Rad1 exd4 30. Kh1 Rd8 31. Rd3 Qb7 32. e5 Ne4 33. Nd2 Nc5 34. Rg3
Qc6 35. Qf3 Qxf3 36. Rfxf3 Kh7 37. Rf7 e6 38. Re7 Kh6 39. Rf3 Bxe5 40. Rff7 Rh8
41. Nf3 d3 42. Nxe5 d2 43. Rf1 Rf8 44. Nf7+ Kg7 45. Rd1 Rxf7 46. Rxf7+ Kxf7 47.
Rxd2 Ne4 48. Rd7+ Kf6 49. Ra7 Nc5 50. Rc7 Na4 51. b3 Nb2 52. Ra7 Nd1 53. Rxa6
Nc3 54. Kg1 Kf5 55. Rc6 Nxa2 56. Rc5+ e5 57. Rxb5 Kf4 58. Rc5 e4 59. Rc2 Nb4 60.
Rc4 Nd3 61. b4 Nxb4 62. Rxb4 g5 63. Kf2 g4 64. hxg4 hxg4 65. g3+ Ke5 66. Ke3 Kd5
67. Rxe4 Kd6 68. Kd4 Kc6 69. Kc4 Kd6 70. Re1 Kc6 71. Re6+ Kd7 72. Kd5 Kc7 73.
Rd6 Kb7 74. Rc6 Kb8 75. Kc5 Ka7 76. Rb6 Ka8 77. Kc6 Ka7 78. Kc7 Ka8 79. Ra6#
{Black checkmated} 1-0

[Event "Team 45 45 League T38"]
[Site "Internet Chess Club"]
[Date "2008.07.26"]
[Round "1"]
[White "vkpanch"]
[Black "thecheckmater"]
[Result "1-0"]
[WhiteElo "1665"]
[BlackElo "1770"]
[Opening "Ruy Lopez: Möller defense"]
[ECO "C78"]
[Time "13:00:30"]
[TimeControl "2700+45"]

1. e4 e5 2. Nf3 Nc6 3. Bb5 a6 4. Ba4 Nf6 5. O-O Bc5 6. c3 b5 7. Bb3 d6 8. h3 O-O
9. Re1 Bb7 10. d4 exd4 11. cxd4 Bb4 12. Bd2 Bxd2 13. Nbxd2 Re8 14. Bc2 Nb4 15.
a3 Nxc2 16. Qxc2 Qe7 17. e5 dxe5 18. dxe5 Nd5 19. Rac1 Rac8 20. Nb3 Nf4 21. Qf5
Qe6 22. Qxe6 fxe6 23. Rc3 Red8 24. Nc5 Rb8 25. Nxb7 Rxb7 26. g3 Nd5 27. Rd1 Re8
28. Rc6 Rb6 29. Rdc1 h6 30. Nd4 Kf7 31. Rxb6 cxb6 32. Rc6 g5 33. Rd6 h5 34. Nxe6
Rxe6 35. Rxd5 Kg6 36. g4 hxg4 37. hxg4 Kf7 38. Kg2 Rc6 39. Rd2 Ke6 40. Re2 Rc5
41. Kf3 Rxe5 42. Rxe5+ Kxe5 43. Ke3 a5 44. b3 b4 45. a4 Kd5 46. f4 gxf4+ 47.
Kxf4 Kd4 48. g5 Kc3 49. g6 Kxb3 50. g7 Kxa4 51. g8=Q b3 52. Qc4+ Ka3 53. Qc1+ b2
54. Qb1 b5 55. Ke3 Kb3 56. Kd3 a4 57. Qc2+ Ka2 58. Kc3 b4+ 59. Kxb4 Ka1 60.
Qxa4+ Kb1 61. Kb3 Kc1 62. Qf4+ Kd1 63. Kxb2 Ke2 64. Kc2 Ke1 65. Qh2 Kf1 66. Kd3
Ke1 {Black resigns} 1-0

[Event "Team 45 45 League T38"]
[Site "Internet Chess Club"]
[Date "2008.07.24"]
[Round "1"]
[White "qwertygoodboy"]
[Black "sakschess"]
[Result "1-0"]
[WhiteElo "1725"]
[BlackElo "1580"]
[Opening "Scotch game"]
[ECO "C45"]
[Time "16:01:36"]
[TimeControl "2700+45"]

1. e4 e5 2. Nf3 Nc6 3. d4 exd4 4. Nxd4 Bc5 5. Be3 Qf6 6. Nxc6 Qxc6 7. Bxc5 Qxc5
8. Nc3 Ne7 9. Bd3 O-O 10. O-O Ng6 11. Re1 Qe5 12. g3 d6 13. f4 Nxf4 14. gxf4
Qxf4 15. Rf1 Qg5+ 16. Kh1 Bh3 17. Rg1 Qf4 18. Nd5 Qe5 19. Qf3 Bd7 20. Nf6+ Kh8
21. Nxd7 Qe7 22. Nxf8 Qxf8 23. Raf1 f6 24. Qf5 {Black resigns} 1-0

[Event "Team 45 45 League T38"]
[Site "Internet Chess Club"]
[Date "2008.07.26"]
[Round "1"]
[White "Caminator"]
[Black "romanrook"]
[Result "1-0"]
[WhiteElo "1357"]
[BlackElo "1649"]
[Opening "Pirc defense"]
[ECO "B07"]
[Time "11:10:26"]
[TimeControl "2700+45"]

1. e4 d6 2. d4 Nf6 3. Nc3 g6 4. h3 Bg7 5. Be3 O-O 6. Qd2 Nc6 7. f3 Bd7 8. O-O-O
a6 9. g4 b5 10. h4 Qb8 11. h5 b4 12. Nb1 a5 13. hxg6 fxg6 14. Bh6 Bxh6 15. Qxh6
Rf7 16. Bc4 e6 17. e5 Ne8 18. d5 Nd8 19. exd6 Nxd6 20. dxe6 Bxe6 21. Bxe6 Nxe6
22. Ne2 Qb7 23. Rh3 a4 24. Rdh1 b3 25. Qe3 Re8 26. axb3 axb3 27. Qxb3 Qa6 28.
Nbc3 Qc6 29. Qa4 Qc5 30. Kb1 Qe3 31. f4 Qc5 32. Ne4 Nxe4 33. Qxe8+ Kg7 34. Rxh7+
Kf6 35. Rxf7# {Black checkmated} 1-0

[Event "Team 45 45 League T38"]
[Site "Internet Chess Club"]
[Date "2008.07.27"]
[Round "1"]
[White "Gregorio"]
[Black "Marlboromike"]
[Result "1-0"]
[WhiteElo "2165"]
[BlackElo "2220"]
[Opening "KP: Nimzovich defense"]
[ECO "B00"]
[Time "14:04:25"]
[TimeControl "2700+45"]

1. e4 Nc6 2. d4 d5 3. e5 Bf5 4. Nf3 e6 5. Bd3 Bg6 6. c3 Nge7 7. b4 Nf5 8. Qe2
Be7 9. Nbd2 h5 10. Nb3 h4 11. h3 a5 12. b5 Nb8 13. a4 b6 14. Ba3 Bxa3 15. Rxa3
Qe7 16. Ra2 Nd7 17. O-O Rc8 18. Rc1 O-O 19. Nbd2 c5 20. bxc6 Rxc6 21. Bb5 Rc7
22. Nf1 Rfc8 23. Qd2 Nf8 24. Ne3 Nxe3 25. Qxe3 Be4 26. Ba6 Ra8 27. Bd3 Bxd3 28.
Qxd3 Rac8 29. Nd2 Qg5 30. Rac2 f6 31. Nf3 Qf4 32. Rb1 Rc4 33. Ra1 f5 34. Nd2
R4c7 35. Rb1 Nd7 36. Rb3 Kh8 37. Qe3 Qxe3 38. fxe3 g5 39. Kf2 Kg7 40. Ke2 Kg6
41. Kd3 Rc4 42. Ra3 R4c6 43. c4 Nb8 44. c5 Na6 45. Rb3 Nb4+ 46. Rxb4 axb4 47.
Nb3 bxc5 48. Nxc5 Rb8 49. Rb2 Kf7 50. Kc2 Ke7 51. Kb3 g4 52. Rf2 gxh3 53. gxh3
Rg8 54. Rf4 Rg3 55. Rxh4 Rb6 56. a5 Rxe3+ 57. Kb2 Rb5 58. a6 Ra5 59. Rh7+ Kd8
60. Nb7+ Kc8 61. Nxa5 {Black resigns} 1-0

[Event "Team 45 45 League T38"]
[Site "Internet Chess Club"]
[Date "2008.07.25"]
[Round "1"]
[White "matein7"]
[Black "Petrozjan"]
[Result "0-1"]
[WhiteElo "1885"]
[BlackElo "2062"]
[Opening "QGD: Chigorin defense"]
[ECO "D07"]
[Time "11:11:32"]
[TimeControl "2700+45"]

1. d4 d5 2. c4 Nc6 3. Nf3 Bg4 4. cxd5 Bxf3 5. dxc6 Bxc6 6. Nc3 e6 7. a3 f5 8. e4
Nf6 9. Bg5 fxe4 10. Bc4 Qd6 11. Bxf6 gxf6 12. Qh5+ Ke7 13. O-O-O Qf4+ 14. Kb1
Qf5 15. Qe2 e3+ 16. Ka1 Qxf2 17. Qd3 Bxg2 18. Rhe1 Bh6 19. Re2 Qf3 20. Rde1 Bf1
21. Rxf1 Qxf1+ 22. Ka2 Qf3 23. Nd1 c6 24. Nxe3 Kf8 25. Qb3 b6 26. Qb4+ Kf7 27.
Qd6 Rhe8 28. Ng4 Qxg4 29. Bxe6+ Qxe6+ 30. Rxe6 Rxe6 31. Qd7+ Re7 32. Qxc6 Rd8
33. d5 Bf4 34. Qc2 Kf8 35. Qf5 Be5 36. Qf3 Red7 37. Qf5 Kg7 38. h4 Rxd5 39. h5
Kh6 40. b4 Rd2+ 41. Kb3 b5 {White resigns} 0-1

[Event "Team 45 45 League T38"]
[Site "Internet Chess Club"]
[Date "2008.07.23"]
[Round "1"]
[White "miltools"]
[Black "Despair"]
[Result "0-1"]
[WhiteElo "1946"]
[BlackElo "1971"]
[Opening "Alekhine's defense: Scandinavian variation"]
[ECO "B02"]
[Time "22:28:52"]
[TimeControl "2700+45"]

1. e4 Nf6 2. Nc3 d5 3. exd5 Nxd5 4. Bc4 Nb6 5. Bb3 Nc6 6. d3 a5 7. a3 Bf5 8. Nf3
a4 9. Ba2 e6 10. Be3 Nd7 11. O-O Be7 12. Qd2 O-O 13. Ne2 Bf6 14. c3 Bg4 15. Nfd4
Nxd4 16. Nxd4 e5 17. Ne2 Nb6 18. Ng3 Nd5 19. h3 Be6 20. Ne4 Be7 21. Bc5 Nf4 22.
Bxe6 Bxc5 23. Bxf7+ Rxf7 24. Nxc5 Rf6 25. Kh2 Qd5 26. Ne4 Rh6 27. f3 Rg6 28. g3
Nxd3 29. Rad1 Rd8 30. Qe3 Qb5 31. Rd2 c5 32. c4 Qb3 33. Rfd1 Rd4 34. Rxd3 Qxb2+
35. R1d2 Qb6 36. Rxd4 cxd4 37. Qd3 Qc6 38. c5 Qd5 39. Qb5 Re6 40. Qxa4 h6 41.
Qa8+ Kh7 42. Qf8 Qd7 43. Qf5+ Kg8 44. Nd6 Rxd6 45. Qxe5 Rd5 46. Qb8+ Kh7 47. Qf4
d3 48. h4 Rxc5 49. Qe4+ Qf5 50. Rxd3 Rc2+ 51. Kg1 Qxe4 52. fxe4 Re2 53. Rb3 Rxe4
54. Rxb7 Re3 55. a4 Rxg3+ 56. Kf2 Ra3 57. Ra7 Rh3 58. a5 Rxh4 59. Ke3 Ra4 60.
Kd3 h5 61. Kc3 h4 62. Kb3 Ra1 63. Kb2 Ra4 64. Kb3 Rf4 65. Rc7 Rf3+ 66. Kb4 h3
67. a6 h2 68. Rc1 Rf4+ 69. Kb5 Rf5+ 70. Kb6 Rf6+ 71. Kb7 Rf7+ 72. Kc8 Ra7 73.
Ra1 Rxa6 74. Rh1 Ra2 75. Kd7 g5 76. Ke6 g4 77. Kf6 g3 78. Re1 g2 79. Re7+ Kh6
80. Re8 Ra6+ 81. Kf5 {White resigns} 0-1

[Event "Team 45 45 League T38"]
[Site "Internet Chess Club"]
[Date "2008.07.25"]
[Round "1"]
[White "pestka"]
[Black "sorinc"]
[Result "1-0"]
[WhiteElo "2225"]
[BlackElo "1939"]
[Opening "English opening"]
[ECO "A05"]
[Time "02:11:36"]
[TimeControl "2700+45"]

1. Nf3 Nf6 2. c4 d5 3. cxd5 Nxd5 4. e4 Nb6 5. d4 e6 6. Nc3 Be7 7. Be3 Nc6 8. Be2
f5 9. exf5 exf5 10. Qb3 Bd7 11. a3 Na5 12. Qa2 Ba4 13. Nxa4 Nxa4 14. Bb5+ c6 15.
Bxa4 b5 16. Bc2 Nc4 17. Bxf5 Qa5+ 18. b4 Bxb4+ 19. axb4 Qxb4+ 20. Nd2 Nxe3 21.
fxe3 g6 22. Qe6+ {Black resigns} 1-0

[Event "Team 45 45 League T38"]
[Site "Internet Chess Club"]
[Date "2008.07.26"]
[Round "1"]
[White "upturnedcircle"]
[Black "ghostfire"]
[Result "1-0"]
[WhiteElo "1945"]
[BlackElo "1788"]
[Opening "Bogo-Indian defense"]
[ECO "E11"]
[Time "22:00:19"]
[TimeControl "2700+45"]

1. d4 Nf6 2. c4 e6 3. Nf3 Bb4+ 4. Bd2 Bxd2+ 5. Nbxd2 d5 6. g3 O-O 7. Bg2 c6 8.
Qc2 Re8 9. O-O Nbd7 10. e4 dxe4 11. Nxe4 Nxe4 12. Qxe4 Nf6 13. Qc2 Qa5 14. Rfe1
Bd7 15. Ne5 Rad8 16. a3 Bc8 17. b4 Qc7 18. Rad1 Nd7 19. Nd3 Nf6 20. Qc3 b6 21.
Ne5 Bb7 22. Qf3 Rd6 23. b5 Red8 24. bxc6 Ba8 25. Qe3 Bxc6 26. Nxc6 Rxc6 27. Bxc6
Qxc6 28. d5 exd5 29. cxd5 Qd6 30. Qe7 Qxe7 31. Rxe7 Kf8 32. Rxa7 Rxd5 33. Rxd5
Nxd5 34. Rd7 Nc3 35. Kf1 b5 36. Ke1 Nb1 37. Ra7 Nc3 38. Kd2 Ne4+ 39. Ke3 f5 40.
Rb7 Nd6 41. Rd7 Nc4+ 42. Kf4 Nxa3 43. Kxf5 b4 44. Ke6 g6 45. Rxh7 b3 46. Rb7 Nc2
47. Kf6 Nd4 48. Rb8# {Black checkmated} 1-0

[Event "Team 45 45 League T38"]
[Site "Internet Chess Club"]
[Date "2008.07.26"]
[Round "1"]
[White "tourettes"]
[Black "Beddathanme"]
[Result "1-0"]
[WhiteElo "1708"]
[BlackElo "1832"]
[Opening "French: King's Indian attack"]
[ECO "C00"]
[Time "11:08:09"]
[TimeControl "2700+45"]

1. e4 e6 2. d3 d5 3. Nd2 Nf6 4. Ngf3 c5 5. Qe2 Nc6 6. g3 Be7 7. Bg2 O-O 8. O-O
b5 9. a4 b4 10. Re1 Ba6 11. exd5 exd5 12. Nb3 Re8 13. Bf4 c4 14. dxc4 Bxc4 15.
Qd1 Rc8 16. Bh3 Ra8 17. Nfd4 Nxd4 18. Qxd4 Ne4 19. Rxe4 dxe4 20. Qxc4 Bf6 21.
Rb1 Qb6 22. Be3 Qd6 23. Bf5 Qe5 24. Bh3 Qd6 25. Bc5 Qc7 26. Qxb4 Rab8 27. Qa3
Red8 28. Rc1 Rd5 29. Be3 g5 30. Bg2 Qc4 31. Bf1 Qc7 32. a5 Qc6 33. Bg2 Rdb5 34.
Nd4 Bxd4 35. Bxd4 Qd5 36. Bc3 R5b7 37. Qa4 f5 38. Qd4 Qxd4 39. Bxd4 Kf7 40. Bf1
Rd7 41. Bc4+ Kg6 42. Bc3 f4 43. Be5 Rb4 44. b3 Kf5 45. Bc3 Rb8 46. a6 h5 47. Ra1
Rc8 48. Ra5+ Kg6 49. Ra1 Kf5 50. Ra5+ Kg6 51. gxf4 gxf4 52. Kg2 Rd1 53. Ra1 Rdd8
54. Be5 Kf5 55. Ra5 f3+ 56. Kh3 Kg6 57. Bf4 Rd1 58. Re5 Rh1 59. Rxe4 Kf5 60. Bd3
{Black resigns} 1-0

[Event "Team 45 45 League T38"]
[Site "Internet Chess Club"]
[Date "2008.07.27"]
[Round "1"]
[White "aifan376"]
[Black "crankn8tr"]
[Result "1-0"]
[WhiteElo "1637"]
[BlackElo "1626"]
[Opening "Sicilian: Pelikan (Lasker/Sveshnikov) variation"]
[ECO "B33"]
[Time "15:08:25"]
[TimeControl "2700+45"]

1. e4 c5 2. Nf3 Nc6 3. d4 cxd4 4. Nxd4 Nf6 5. Nc3 e5 6. Ndb5 Bc5 7. Nd6+ Ke7 8.
Nd5+ Nxd5 9. Nf5+ Kf8 10. Qxd5 d6 11. Bc4 Be6 12. Qd3 Bxc4 13. Qxc4 Ne7 14. Nxe7
Qxe7 15. O-O Rc8 16. Qd5 Bd4 17. c3 Bb6 18. Rd1 Rc6 19. Rd3 Rc5 20. Qxd6 Qxd6
21. Rxd6 Ke7 22. Rd5 Rxd5 23. exd5 Kd6 24. c4 Bd4 25. Rb1 b5 26. b3 Rb8 27. Ba3+
b4 28. Bb2 Bc5 29. Kf1 Rb6 30. Bc1 Ra6 31. Rb2 Ke7 32. Be3 Bxe3 33. fxe3 e4 34.
c5 Kd7 35. Kf2 Rf6+ 36. Kg3 Rf5 37. Rd2 h5 38. h4 f6 39. c6+ Kd6 40. Rc2 Kc7 41.
d6+ {Black resigns} 1-0

[Event "Team 45 45 League T38"]
[Site "Internet Chess Club"]
[Date "2008.07.28"]
[Round "1"]
[White "Fezzik"]
[Black "Alphalegacy"]
[Result "1-0"]
[WhiteElo "1984"]
[BlackElo "2129"]
[Opening "Benoni defense, Hromodka system"]
[ECO "A56"]
[Time "16:00:51"]
[TimeControl "2700+45"]

1. d4 Nf6 2. c4 c5 3. d5 d6 4. Nc3 g6 5. e4 Bg7 6. Be2 O-O 7. Nf3 Bg4 8. O-O Na6
9. Bg5 Nc7 10. Nd2 Bxe2 11. Qxe2 Nd7 12. f4 Rb8 13. Rfe1 a6 14. e5 h6 15. exd6
hxg5 16. dxc7 Qxc7 17. Qxe7 Qxf4 18. Rad1 Ne5 19. Re4 Qf6 20. Qxc5 Rfc8 21. Qe3
b5 22. c5 b4 23. Rf1 Qe7 24. d6 Qd7 25. Nd5 Re8 26. Ne7+ Rxe7 27. dxe7 Qxe7 28.
Nf3 Nxf3+ 29. Rxf3 Qd8 30. Qb3 Qc7 31. Qe3 Qa5 32. Re8+ Rxe8 33. Qxe8+ Kh7 34.
Rh3+ {Black resigns} 1-0

[Event "Team 45 45 League T38"]
[Site "Internet Chess Club"]
[Date "2008.07.27"]
[Round "1"]
[White "A-Ru"]
[Black "DavidBarnsley"]
[Result "0-1"]
[WhiteElo "1855"]
[BlackElo "2022"]
[Opening "Dutch, 2.Bg5 variation"]
[ECO "A80"]
[Time "15:21:40"]
[TimeControl "2700+45"]

1. d4 f5 2. Bg5 g6 3. Nc3 d5 4. Nf3 c6 5. Qd2 b5 6. Bf4 Nf6 7. Bh6 b4 8. Nb1 a5
9. Bxf8 Rxf8 10. e3 Nbd7 11. Bd3 Qc7 12. Qe2 c5 13. c3 Qd6 14. Nbd2 c4 15. Bc2
bxc3 16. bxc3 Qa3 17. O-O Qxc3 18. Ba4 Kf7 19. Ng5+ Kg8 20. Ne6 Rf7 21. Nd8 Rf8
22. Ne6 Nb6 23. Nc5 Nxa4 24. Nxa4 Qc2 25. Nc5 c3 {White resigns} 0-1

[Event "Team 45 45 League T38"]
[Site "Internet Chess Club"]
[Date "2008.07.26"]
[Round "1"]
[White "room-matt"]
[Black "Ocho-Cinco"]
[Result "1-0"]
[WhiteElo "1819"]
[BlackElo "1733"]
[Opening "Sicilian: Grand Prix attack"]
[ECO "B21"]
[Time "23:44:14"]
[TimeControl "2700+45"]

1. e4 c5 2. f4 d5 3. exd5 Nf6 4. c4 e6 5. Qe2 Be7 6. dxe6 Bxe6 7. Nf3 Nc6 8. b3
Nb4 9. Na3 Bf5 10. Qe5 Bd3 11. Bb2 Bxf1 12. Kxf1 Nd3 13. Qc3 Ne4 14. Qxg7 Rf8
15. Qxh7 Nxb2 16. Qxe4 Nd3 17. Nb5 a6 18. Nc3 {Black resigns} 1-0

[Event "Team 45 45 League T38"]
[Site "Internet Chess Club"]
[Date "2008.07.24"]
[Round "1"]
[White "cer7"]
[Black "chiiwen"]
[Result "1/2-1/2"]
[WhiteElo "2103"]
[BlackElo "2012"]
[Opening "Sicilian: Alapin's variation (2.c3)"]
[ECO "B22"]
[Time "12:02:02"]
[TimeControl "2700+45"]

1. e4 c5 2. c3 g6 3. d4 cxd4 4. cxd4 d5 5. exd5 Nf6 6. Nc3 Nxd5 7. Bc4 Nb6 8.
Bb3 Bg7 9. Nf3 O-O 10. d5 Bg4 11. O-O N8d7 12. Bf4 Nc5 13. h3 Nxb3 14. axb3 Bxf3
15. Qxf3 Bxc3 16. bxc3 Qxd5 17. Qe3 Qf5 18. Bh6 Rfe8 19. f4 f6 20. g4 Qd5 21. c4
Qc6 22. g5 Nd7 23. f5 b6 24. fxg6 hxg6 25. gxf6 exf6 26. Qg3 Qc5+ 27. Kh1 Qh5
28. Be3 Re6 29. Rf4 Nf8 30. Raf1 Rae8 31. Rxf6 Rxe3 32. Rxf8+ Rxf8 33. Rxf8+
Kxf8 34. Qxe3 Qd1+ 35. Kg2 Qc2+ 36. Kg3 Kg7 37. Qe5+ Kh7 38. Qe7+ Kh6 39. Qh4+
Kg7 {Game drawn by mutual agreement} 1/2-1/2

[Event "Team 45 45 League T38"]
[Site "Internet Chess Club"]
[Date "2008.07.26"]
[Round "1"]
[White "martineden"]
[Black "Eskake"]
[Result "1-0"]
[WhiteElo "2051"]
[BlackElo "1901"]
[Opening "King's Indian: fianchetto, classical variation, 8.e4"]
[ECO "E68"]
[Time "10:05:36"]
[TimeControl "2700+45"]

1. d4 Nf6 2. c4 g6 3. Nf3 Bg7 4. g3 d6 5. Bg2 O-O 6. O-O Nbd7 7. Nc3 e5 8. e4
Re8 9. d5 Nc5 10. Qc2 a5 11. Be3 b6 12. b3 Ng4 13. Bd2 f5 14. Nh4 f4 15. Nf3 Nf6
16. a3 a4 17. b4 Nb3 18. Rab1 Nxd2 19. Qxd2 fxg3 20. fxg3 Ng4 21. Qd3 Bh6 22.
Rbe1 Rf8 23. h3 Nf6 24. Kh2 Bd7 25. Re2 Nh5 26. Nd2 Rxf1 27. Nxf1 Qf6 28. Nb5
Bxb5 29. cxb5 Rf8 30. Qc2 Rf7 31. Qxa4 Qg5 32. Qb3 Qc1 33. Rc2 Qe1 34. a4 Rxf1
35. Bxf1 Qxf1 36. Qc4 Qe1 37. Qc3 Qxe4 38. Qxc7 Qxd5 39. Qd8+ Bf8 40. Rf2 Nf4
41. gxf4 Qd4 42. Qh4 Be7 43. Qg3 Qxb4 44. fxe5 Bh4 45. Qf4 Bxf2 46. Qxb4 dxe5
47. a5 Bc5 48. Qc4+ Kg7 49. a6 {Black resigns} 1-0

[Event "Team 45 45 League T38"]
[Site "Internet Chess Club"]
[Date "2008.07.27"]
[Round "1"]
[White "Nureins"]
[Black "QueensCounselor"]
[Result "1-0"]
[WhiteElo "1908"]
[BlackElo "1884"]
[Opening "Grünfeld: Spassky variation, main line, 10...cd, 11.cd"]
[ECO "D88"]
[Time "04:56:30"]
[TimeControl "2700+45"]

1. d4 Nf6 2. c4 g6 3. Nc3 d5 4. cxd5 Nxd5 5. e4 Nxc3 6. bxc3 Bg7 7. Bc4 O-O 8.
Ne2 c5 9. O-O Nc6 10. Be3 cxd4 11. cxd4 Bg4 12. f3 Na5 13. Bxf7+ Rxf7 14. fxg4
Rxf1+ 15. Kxf1 e5 16. Kg1 Rc8 17. d5 Nc4 18. Bf2 Qd7 19. Ng3 b5 20. h4 a5 21.
Rc1 Nd6 22. g5 Bf8 23. Rc2 a4 24. Qe2 Rxc2 25. Qxc2 Qg4 26. Qc6 Qd1+ 27. Kh2 Qd3
28. Bc5 Qc4 29. Qb6 Nxe4 30. Qe6+ Kh8 31. Nxe4 Bxc5 32. Qxe5+ Kg8 33. Nf6+ Kf8
34. Qe8+ {Black resigns} 1-0